 Dungeon Crawl Stone Soup version 0.27-a0-1312-g5cdb2b3542 (webtiles) character file.

Game seed: 1425733487581540520

1024 Froggeryz the Cleaver (level 8, 0/93 HPs)
             Began as a Palentonga Berserker on June 20, 2021.
             Was a Priest of Trog.
             Splashed by a jelly's acid (1 damage)
             ... on level 5 of the Dungeon.
             The game lasted 00:06:32 (5996 turns).

Froggeryz the Cleaver (Palentonga Berserker)        Turns: 5996, Time: 00:06:32

Health: 0/93       AC: -2    Str: 24    XL:     8   Next: 2%
Magic:  8/8        EV:  8    Int: 13    God:    Trog [***...]
Gold:   241        SH:  0    Dex:  9    Spells: 7/7 levels left

rFire    . . .     SeeInvis +   a - +0 hand axe
rCold    . . .     Faith    .   (no shield)
rNeg     . . .     Spirit   .   u - +0 scale mail
rPois    .         Reflect  .   (no helmet)
rElec    .         Harm     .   (no cloak)
rCorr    .         Rampage  .   (no gloves)
Will     +....                  (no barding)
Stlth    ..........             (no amulet)
HPRegen  0.25/turn              l - ring of willpower
MPRegen  0.11/turn              r - +6 ring of intelligence

@: berserking, corroded, curled up, very quick
A: large, rugged brown scales 3, see invisible, deformed body, roll 1, armoured
tail, reflexive curl
a: Rolling Charge, Renounce Religion, Berserk, Trog's Hand


You were on level 5 of the Dungeon.
You worshipped Trog.
Trog was most pleased with you.
You visited 1 branch of the dungeon, and saw 5 of its levels.
You also visited: Sewer.

You collected 241 gold pieces.

Inventory:

Hand Weapons
 a - a +0 hand axe (weapon)
Missiles
 f - 7 boomerangs
 g - 20 poisoned darts (quivered)
Armour
 u - a +0 scale mail (worn)
Jewellery
 l - a ring of willpower (left hand)
 r - a +6 ring of intelligence (right hand)
 B - a ring of ice
Wands
 q - a wand of flame (10)
Scrolls
 c - 4 scrolls of blinking {unknown}
 d - 5 scrolls of enchant weapon {unknown}
 h - 2 scrolls of amnesia {unknown}
 j - a scroll of torment {unknown}
 m - a scroll of noise {unknown}
 p - a scroll of magic mapping {unknown}
 s - 3 scrolls of teleportation {unknown}
 t - 3 scrolls of identify {unknown}
 w - 2 scrolls of holy word {unknown}
 y - a scroll of fear {unknown}
 C - a scroll of acquirement {unknown}
Potions
 b - 3 potions of curing {unknown}
 e - a potion of haste
 i - a potion of lignification {unknown}
 k - a potion of berserk rage {unknown}
 n - 3 potions of heal wounds
 o - 3 potions of flight
 v - a potion of brilliance {unknown}
 x - 2 potions of attraction {unknown}
 z - a potion of invisibility {unknown}
 A - a potion of degeneration {unknown}


   Skills:
 - Level 3.0 Fighting
 * Level 9.8 Axes
 - Level 1.5 Armour
 - Level 1.5 Dodging


You had 7 spell levels left.
You didn't know any spells.
Your spell library was empty.

Dungeon Overview and Level Annotations

Branches:
Dungeon (5/15)             Temple (0/1) D:5           Sewer (visited)

Altars:
Wu Jian

Shops:
D:4 *


Innate Abilities, Weirdness & Mutations

You are completely covered in rugged brown scales. (AC +3, +7% HP)
You have supernaturally acute eyesight. (SInv)
Armour fits poorly on your strangely shaped body.
You can roll at nearby foes to attack.
You have a long armoured tail.
You curl defensively after being hit.


Message History

The killer bee zombie is almost destroyed.
The killer bee zombie hits you.
You slash the killer bee zombie!
You destroy the killer bee zombie!
Trog accepts your kill.
There is an open door here.
A jelly comes into view.
The jelly quivers.
You hit the jelly but do no damage. The acid corrodes you!
Your hands burn!
You tail-slap the jelly.
The jelly is moderately wounded.
The jelly barely misses you.
A jelly is nearby!
You hit the jelly but do no damage. The acid corrodes you!
Your hands burn!
The jelly is moderately wounded.
The jelly hits you.
You are splashed with acid!
You hit the jelly but do no damage.
Your hands burn!
You tail-slap the jelly, but do no damage.
The jelly is moderately wounded.
The jelly hits you.
You are splashed with acid.
You hit the jelly but do no damage.
Your hands burn!
The jelly is moderately wounded.
You hit the jelly but do no damage. The acid corrodes you!
Your hands burn!
The jelly is moderately wounded.
The jelly hits you. The acid corrodes you!
You are splashed with acid!
* * * LOW HITPOINT WARNING * * *
A red film seems to cover your vision as you go berserk!
You feel yourself moving faster!
You feel mighty! The jelly hits you.
* * * LOW HITPOINT WARNING * * *
You are splashed with acid!
* * * LOW HITPOINT WARNING * * *
You hit the jelly but do no damage.
Your hands burn!
* * * LOW HITPOINT WARNING * * *
The jelly is moderately wounded.
The jelly hits you.
* * * LOW HITPOINT WARNING * * *
You are splashed with acid!
* * * LOW HITPOINT WARNING * * *
You hit the jelly but do no damage.
Your hands burn!
You die...

..##.###.#...#############.#
..##.# #.....'.............#
...#.# ###...###############
...#.# ##### ...#.# #######
.#...#######.....#
..#..........###.#
..#..........###.#
....>..........#@#
..#.#........#.#.J...#
..#.#........#.#####.#
..#.#........#.#
..#.#........#.#
###.########.#.# ....#
#......# ###.# #......# #.#
###.#####......# #.#


You could see a jelly.

Vanquished Creatures
  Sigmund (D:2)
  A necrophage (D:5)
  An ogre (D:5)
  Blork the orc (D:4)
  3 scorpions
  The ghost of atomjack the Skirmisher, a weakling PaAK of Lugonu (D:3)
  A gnoll shaman (D:5)
  2 jellies
  An orc wizard (D:4)
  A killer bee zombie (D:5)
  7 adders
  7 gnolls
  An ufetubus (D:5)
  6 worms
  2 dart slugs
  4 orcs
  9 endoplasms
  5 giant cockroaches
  5 hobgoblins
  18 jackals
  5 quokkas
  12 ball pythons
  12 bats
  5 frilled lizards
  7 goblins
  5 kobolds
  3 rats
126 creatures vanquished.

Notes
Turn   | Place    | Note
-------+----------+-------------------------------------------
     0 | D:1      | Froggeryz the Palentonga Berserker began the quest for the
                  | Orb.
     0 | D:1      | Reached XP level 1. HP: 19/19 MP: 1/1
    39 | D:1      | Reached XP level 2. HP: 15/25 MP: 2/2
   630 | D:1      | Found a faded altar of an unknown god.
   633 | D:1      | Reached skill level 4 in Axes
  1052 | D:1      | Reached XP level 3. HP: 31/31 MP: 3/3
  1527 | D:2      | Reached ** piety under Trog
  1787 | D:2      | Reached XP level 4. HP: 37/37 MP: 4/4
  1874 | D:2      | Noticed Sigmund
  1884 | D:2      | Killed Sigmund
  1885 | D:2      | Reached skill level 6 in Axes
  1885 | D:2      | Reached XP level 5. HP: 42/43 MP: 5/5
  2135 | D:2      | Found an ornate altar of the Wu Jian Council.
  2650 | D:3      | Reached XP level 6. HP: 50/50 MP: 6/6
  2773 | D:3      | Found a runed translucent door.
  2777 | D:3      | Noticed atomjack's ghost (weakling PaAK)
  3225 | D:3      | Reached skill level 7 in Axes
  3400 | D:3      | Killed atomjack's ghost
  3492 | D:4      | Found Possimoo's General Store.
  3492 | D:4      | Noticed Blork the orc
  3504 | D:4      | Killed Blork the orc
  3600 | D:4      | Reached skill level 8 in Axes
  3600 | D:4      | Gained mutation: You curl defensively after being hit.
                  | [Palentonga growth]
  3600 | D:4      | Reached XP level 7. HP: 25/55 MP: 7/7
  3782 | D:4      | Found a glowing drain.
  3790 | Sewer    | Entered a sewer
  4088 | Sewer    | Reached *** piety under Trog
  5040 | D:5      | Entered Level 5 of the Dungeon
  5104 | D:5      | Found a staircase to the Ecumenical Temple.
  5500 | D:5      | Reached skill level 9 in Axes
  5719 | D:5      | Reached XP level 8. HP: 52/62 MP: 8/8
  5995 | D:5      | HP: 1/93 [acid (9)]
  5996 | D:5      | Splashed by a jelly's acid

Illustrated notes

Levels and vault maps discovered:
D:1:      minmay_arrival_glassed_features, layout_basic,
          hellmonk_ecumenical_altar_prayer_group, kennysheep_pointless_box,
          minmay_cut_off
D:2:      layout_basic, basic_altar, kennysheep_generic_room_11, uniq_sigmund
D:3:      layout_basic, ebering_ghost_sewer_d
D:4:      layout_loops_ring, serial_shops, nicolae_shop_crystal,
          portal_sewer_entry_b, uniq_blork_the_orc
D:5:      layout_basic, minmay_temple_entry_glass, hellmonk_bongcloud_opening

Skill      XL: |  1  2  3  4  5  6  7 |
---------------+----------------------+-----
Axes           | 4 6 8 9 |  9.8
Fighting       | |  3.0
Armour         | |  1.5
Dodging        | |  1.5

Action                   |  1- 3 |  4- 6 |  7- 9 || total
-------------------------+-------+-------+-------++-------
Melee: Hand axe          |   117 |   115 |   150 ||   382
       Tailslap          |    15 |    12 |    21 ||    48
Throw: Dart              |       |     4 |     3 ||     7
Invok: Berserk           |     1 |     4 |     5 ||    10
       Trog's Hand       |     1 |     2 |       ||     3
 Abil: Rolling Charge    |       |     2 |       ||     2
Evoke: Wand              |       |     1 |     1 ||     2
  Use: Potion            |       |       |     3 ||     3
Armor: Animal skin       |    57 |     2 |       ||    59
       Ring mail         |       |    21 |       ||    21
       Scale mail        |       |    17 |    80 ||    97
Dodge: Dodged            |    72 |    58 |    63 ||   193

Table legend: (Time is in decaauts)
 A = Elapsed time spent in this place.
 B = Non-inter-level travel time spent in this place.
 C = Inter-level travel time spent in this place.
 D = Time resting spent in this place.
 E = Time spent auto-exploring this place.
 F = Levels seen in this place.
 G = Mean time per level.
                   A        B        C        D        E       F      G
               +--------+--------+--------+--------+--------+-----+--------+
         Total |   6209 |   6042 |    167 |    730 |   4240 |   6 | 1034.8 |
       Dungeon |   5306 |   5139 |    167 |    710 |   3574 |   5 | 1061.2 |
         Sewer |    902 |    902 |      0 |     20 |    666 |   1 |  902.0 |
               +--------+--------+--------+--------+--------+-----+--------+

Top non-repeatable levels by time:
     D:2: 1448 daAuts
     D:1: 1215 daAuts
     D:5: 974 daAuts
   Sewer: 902 daAuts
     D:3: 840 daAuts
     D:4: 827 daAuts
